Map: Dusk Towers

Players

Scottbear - Winner!

  • Race: Terran Terran
  • League: Diamond

LilDicky

  • Race: Terran Terran
  • League: Diamond

VOD

http://www.twitch.tv/tumescentpie

Description

Time

  • Played on: Dec. 20, 2015, 4:16 p.m.
  • Length: 17:23
Show
View Real Time Build Order
Export as new Build Order

Scottbear Terran - Winner!

Build Orders: MMM Bio, Banshee Rush 

Get SALT Encoding   

  12  0:00  SCV  
  13  0:13  SCV  
  14  0:17  Supply Depot  
  14  0:25  SCV  
  14  0:27  Refinery  
  15  0:39  SCV  
  16  0:48  Barracks  
  16  0:51  SCV  
  17  1:03  SCV  
  18  1:15  SCV  
  19  1:27  SCV  
  20  1:35  Reaper  
  20  1:37  Supply Depot  
  21  1:40  Orbital Command  
  21  1:50  Factory  
  21  2:05  SCV  
  21  2:07  Marine  
  23  2:12  Refinery  
  23  2:17  SCV  
  24  2:23  Supply Depot  
  24  2:25  Marine  
  24  2:29  SCV  
  26  2:34  Factory Tech Lab, Starport  
  26  2:41  SCV  
  26  2:43  Marine  
  27  2:56  SCV  
  28  3:01  Marine  
  29  3:08  Command Center  
  29  3:16  Banshee, Cloaking Field  
  32  3:27  SCV  
  32  3:31  Engineering Bay  
  32  3:32  Marine  
  34  3:40  Supply Depot  
  34  3:41  SCV  
  35  3:50  Marine  
  36  4:01  Viking  
  38  4:03  Missile Turret  
  38  4:07  Marine  
  38  4:08  Factory Tech Lab  
  39  4:19  SCV  
  39  4:21  Orbital Command  
  40  4:27  Barracks  
  38  4:56  SCV  
  36  5:02  Barracks  
  36  5:03  Engineering Bay  
  36  5:06  Viking  
  38  5:13  Barracks Reactor  
  37  5:28  Siege Tank  
  40  5:29  Barracks Tech Lab  
  38  5:49  Missile Turret  
  37  5:51  Marine x2  
  35  6:09  Marine x2  
  37  6:12  Raven  
  37  6:14  Marine  
  41  6:25  Siege Tank  
  41  6:26  SCV, Marine  
  41  6:27  SCV, Marine  
  41  6:32  Terran Infantry Weapons Level 1, Terran Infantry Armor Level 1, Marine  
  46  6:34  Stimpack  
  46  6:40  SCV x2  
  46  6:44  Marine  
  46  6:47  Marine  
  46  6:53  Supply Depot x2  
  46  6:56  Marine  
  46  6:57  Barracks Tech Lab  
  46  6:58  SCV x2  
  49  7:02  Marine  
  49  7:04  Siege Tank  
  49  7:05  Marine  
  54  7:14  SCV  
  55  7:16  Combat Shields  
  55  7:17  Marine x2  
  55  7:19  SCV, Supply Depot  
  58  7:35  Refinery  
  58  7:38  Refinery  
  58  7:48  Marine x2  
  58  7:49  Marine x2  
  62  7:55  SCV x2  
  62  7:57  Starport Reactor  
  64  8:07  Command Center, SCV x2  
  66  8:17  Marine  
  66  8:18  Marine x2  
  66  8:19  SCV x2  
  71  8:21  Marine  
  72  8:30  Armory  
  72  8:33  Supply Depot  
  72  8:36  Supply Depot  
  75  8:49  Medivac x2  
  75  8:54  Siege Tank  
  79  8:55  Missile Turret  
  79  8:58  Barracks  
  79  9:01  Barracks  
  79  9:04  Marine x2  
  79  9:05  Barracks  
  81  9:10  Supply Depot x2  
  81  9:19  Orbital Command  
  81  9:28  Marine x4  
  81  9:30  Sensor Tower  
  81  9:31  Terran Infantry Weapons Level 2  
  85  9:33  Terran Infantry Armor Level 2  
  85  9:44  SCV x3  
  88  9:47  Barracks Reactor  
  88  9:48  Barracks Reactor  
  67  10:11  Marine x5  
  63  10:29  Marauder, Marine x7  
  63  10:30  Marauder  
  67  10:46  Marine  
  68  10:51  Marauder x2  
  69  11:03  Marine  
  69  11:04  Marine x5  
  55  11:05  Marine  
  61  11:12  Marauder x2  
  65  11:21  Marine  
  65  11:22  Marine  
  65  11:24  Siege Tank, Marine x2  
  72  11:34  Marauder  
  74  11:42  Marine  
  74  11:43  Marauder  
  74  11:46  Orbital Command  
  66  11:53  Marine x2  
  65  11:55  Marauder  
  67  12:13  Refinery  
  67  12:16  Medivac  
  67  12:17  Refinery  
  67  12:19  Medivac  
  71  12:26  Marine x5  
  80  12:37  Marauder x2  
  80  12:45  Marine  
  80  12:46  Marine x5  
  80  12:47  Marine  
  86  12:58  Marauder  
  88  13:01  Marine  
  88  13:03  Marine x2, Medivac x2  
  93  13:09  Marine x5  
  93  13:11  SCV x2  
  101  13:16  Orbital Command  
  101  13:17  Siege Tank  
  101  13:19  Marauder, Marine  
  100  13:37  Marine  
  100  13:38  Marine x6  
  92  13:57  Marauder, Marine x5  
  92  13:58  Marine x2, Marauder  
  92  14:00  Medivac  
  92  14:02  Medivac  
  102  14:05  SCV  
  102  14:06  SCV  
  104  14:15  Marine x3  
  104  14:16  Marine  
  108  14:17  Marine  
  108  14:19  Marauder x2  
  113  14:27  SCV x3  
  113  14:30  Medivac  
  118  14:31  Medivac  
  120  14:39  SCV  
  120  14:40  Marauder x2  
  124  14:47  Marine x5  
  124  14:48  Marine x2  
  131  15:00  Medivac  
  131  15:04  Marauder, Siege Tank, Medivac  
  131  15:05  Marine  
  131  15:06  Supply Depot x2  
  131  15:07  Supply Depot, Marine  
  141  15:08  Supply Depot  
  141  15:24  Marine x3  
  141  15:25  SCV x2  
  141  15:28  SCV, Marauder x2, Marine x4  
  145  15:42  Marine x3  
  141  15:45  Marine x4  
  138  15:50  Marauder x2  
  138  15:51  Medivac  
  138  15:52  Medivac  
  137  16:00  Marine x2  
  133  16:04  Marine x2  
  133  16:05  Marine x3  
  133  16:10  Marine  
  141  16:11  Marauder  
  141  16:18  Marine  
  129  16:19  Marine  
  129  16:22  Marine x3  
  129  16:23  Marine x2  
  126  16:29  Marauder  
  126  16:32  Marauder  
  101  16:36  Marine  
  101  16:38  Marine  
  103  16:40  Marine x3  
  106  16:50  Marauder, Marine x2  
  106  16:54  Marauder, Marine  
  113  16:56  Marine  
  113  16:58  Marine x3  
Show
View Real Time Build Order
Export as new Build Order

LilDicky Terran 

Build Orders: Mech, Banshee Rush 

Get SALT Encoding   

  12  0:01  SCV  
  13  0:18  Supply Depot, SCV  
  14  0:33  SCV  
  15  0:42  Barracks  
  15  0:45  SCV  
  16  0:55  Refinery  
  16  0:57  SCV  
  17  1:09  SCV  
  18  1:26  SCV  
  19  1:38  Marine  
  19  1:39  Supply Depot  
  21  1:44  Orbital Command  
  20  1:54  Refinery  
  20  1:59  Factory  
  20  2:00  Marine  
  21  2:10  SCV  
  21  2:13  Supply Depot  
  22  2:24  Marine  
  22  2:28  Command Center  
  23  2:38  SCV  
  23  2:42  Marine  
  25  2:47  Factory Tech Lab, Starport  
  25  2:55  SCV  
  26  3:00  Marine  
  27  3:07  SCV, Supply Depot  
  28  3:17  Marine  
  28  3:19  SCV, Widow Mine  
  32  3:31  Banshee, SCV  
  36  3:37  Cloaking Field  
  36  3:41  Orbital Command  
  36  3:45  Marine  
  37  3:49  SCV  
  38  3:58  Factory Tech Lab  
  38  4:01  SCV  
  39  4:04  Engineering Bay  
  39  4:05  Marine  
  40  4:13  SCV  
  40  4:14  Banshee  
  44  4:22  Siege Tank, Marine  
  48  4:30  Missile Turret  
  46  4:40  Marine  
  44  4:48  SCV x2  
  39  4:57  Banshee  
  39  4:58  Marine  
  43  5:06  SCV  
  43  5:07  SCV, Supply Depot  
  45  5:11  Siege Tank  
  48  5:16  Marine  
  48  5:19  SCV  
  50  5:22  SCV, Missile Turret  
  50  5:27  Missile Turret  
  49  5:34  Marine  
  50  5:52  Marine  
  50  6:09  Marine  
  45  6:13  Banshee  
  44  6:25  Siege Tank  
  44  6:27  SCV, Marine  
  44  6:28  SCV  
  47  6:33  Refinery  
  47  6:36  Factory, Refinery  
  47  6:37  Factory  
  45  6:46  SCV  
  45  6:48  Marine  
  43  6:55  Command Center  
  43  6:56  SCV  
  43  6:57  Siege Tank  
  43  6:58  SCV  
  48  7:01  Supply Depot  
  48  7:06  Marine  
  48  7:07  Banshee  
  52  7:13  SCV  
  53  7:21  SCV  
  53  7:22  Factory Tech Lab  
  54  7:23  Factory Tech Lab  
  54  7:24  Marine  
  54  7:29  Siege Tank, Refinery  
  58  7:30  Refinery  
  58  7:42  Marine  
  58  7:44  Siege Tank  
  62  7:46  Cyclone  
  62  7:47  SCV  
  62  7:50  SCV  
  67  7:53  Starport  
  67  7:59  SCV  
  67  8:02  SCV, Siege Tank  
  67  8:03  Command Center  
  73  8:08  Banshee  
  75  8:14  SCV  
  77  8:20  Command Center, SCV  
  77  8:22  Barracks Reactor  
  77  8:26  SCV  
  77  8:27  Cyclone  
  81  8:33  Starport Reactor  
  81  8:38  Viking  
  83  8:42  Orbital Command  
  83  8:44  SCV x2  
  85  8:56  SCV x2  
  85  8:59  Banshee  
  90  9:03  Siege Tank  
  93  9:11  SCV x3, Siege Tank  
  93  9:13  Supply Depot  
  99  9:17  Siege Tank  
  99  9:23  SCV x3  
  105  9:25  Orbital Command  
  105  9:32  Orbital Command  
  105  9:36  Siege Tank  
  108  9:43  Missile Turret  
  108  9:44  Missile Turret  
  81  10:36  Marine  
  81  10:37  Siege Tank  
  82  10:45  Viking x3  
  88  10:53  Marine  
  86  11:00  SCV x4  
  81  11:07  Command Center  
  81  11:08  Refinery  
  81  11:10  Refinery  
  81  11:14  Viking  
  81  11:15  Viking  
  85  11:18  Armory  
  85  11:20  Barracks  
  85  11:21  Armory, Hi-Sec Auto Tracking, Barracks x2  
  85  11:22  Supply Depot x2  
  85  11:29  Armory  
  82  11:46  Siege Tank x2  
  82  11:53  Siege Tank  
  77  11:56  Marine  
  78  12:04  SCV x4  
  78  12:05  SCV  
  83  12:13  Missile Turret x2  
  83  12:14  Missile Turret, Marine  
  83  12:15  Missile Turret  
  84  12:16  SCV  
  84  12:18  Siege Tank  
  84  12:19  Planetary Fortress, Siege Tank  
  91  12:25  Siege Tank  
  91  12:26  SCV x2  
  91  12:27  SCV x2  
  91  12:29  Marine  
  99  12:30  Marine x2  
  99  12:31  Banshee  
  99  12:32  Viking x2, Marine  
  99  12:34  Missile Turret  
  109  12:38  Terran Vehicle Weapons Level 1  
  109  12:39  Terran Vehicle And Ship Armor Level 1, Terran Ship Weapons Level 1  
  109  12:40  SCV x2  
  111  12:46  Sensor Tower  
  111  12:47  Marine x2  
  111  12:48  Marine  
  111  12:50  Siege Tank, Marine  
  111  12:51  Siege Tank  
  121  12:57  Siege Tank  
  116  13:02  Viking  
  106  13:19  Marine x2  
  107  13:20  Missile Turret  
  107  13:21  Missile Turret  
  107  13:23  Siege Tank x2, Missile Turret  
  107  13:24  Marine  
  107  13:25  Missile Turret, Marine  
  111  13:37  Banshee  
  111  13:38  Viking x2  
  118  13:48  Sensor Tower  
  116  13:49  Sensor Tower  
  116  13:51  Siege Tank  
  116  13:55  Siege Tank x2  
  117  13:57  Command Center  
  117  14:00  SCV  
  117  14:01  SCV  
  117  14:02  SCV x4  
  123  14:08  Viking  
  123  14:09  Viking  
  127  14:15  Starport  
  127  14:20  Viking  
  127  14:22  SCV, Starport  
  130  14:25  Starport  
  130  14:27  Refinery  
  130  14:29  Refinery  
  130  14:47  SCV x3  
  130  14:50  Missile Turret  
  133  15:12  Command Center  
  133  15:14  Siege Tank x3  
  133  15:16  Viking x3  
  133  15:19  Starport Reactor  
  133  15:20  Starport Tech Lab x2  
  114  15:46  Viking, Siege Tank  
  96  16:01  SCV x2  
  95  16:22  Marine  
  95  16:23  Marine x2  
  95  16:24  Orbital Command  
  83  16:27  Marine  
  83  16:29  Banshee x2  
  83  16:30  Viking x4  
  78  16:40  Marine  
  78  16:46  Viking  
  78  16:48  Marine  
  78  16:50  Marine  
  68  17:11  Starport Tech Lab  
Tags
 
Add a new tag
Caveats
  • Supply blocks, unpowered buildings, or Contaminate may cause inaccurate times.
  • Supply counts are checked every 10 seconds.